[Event "Condigne Dutch Open 2016"]
[Site "dieren"]
[Date "2016.07.26"]
[Round "1"]
[White "L'Ami, Erwin"]
[Black "Heemskerk, Wim"]
[Result "1-0"]
[ECO "E38"]
[WhiteElo "2606"]
[BlackElo "2201"]
[PlyCount "43"]
[EventDate "2016.07.27"]
[EventCountry "NED"]
[TimeControl "6000+1050"]
[WhiteClock "0:24:55"]
[BlackClock "0:17:16"]

1. d4 Nf6 2. c4 e6 3. Nc3 Bb4 4. Qc2 c5 5. dxc5 Bxc5 6. Nf3 Qb6 7. e3 Qc7 8. g4
h6 9. Rg1 Be7 10. g5 hxg5 11. Nb5 Qb6 12. Rxg5 d6 13. Rxg7 Nc6 14. Bd2 a6 15.
Nc3 Bd7 16. Be2 Bf8 17. Rg5 O-O-O 18. b4 Kb8 19. b5 Ne5 20. Rb1 axb5 21. Nxb5
Qa6 22. Bc3 1-0

[Event "Condigne Dutch Open 2016"]
[Site "dieren"]
[Date "2016.07.26"]
[Round "1"]
[White "Van Meegen, Ruud"]
[Black "Reinderman, Dimitri"]
[Result "0-1"]
[ECO "E90"]
[WhiteElo "2201"]
[BlackElo "2584"]
[PlyCount "70"]
[EventDate "2016.07.27"]
[EventCountry "NED"]
[TimeControl "6000+950"]
[WhiteClock "0:01:25"]
[BlackClock "0:27:25"]

1. d4 Nf6 2. c4 c5 3. d5 g6 4. Nc3 Bg7 5. e4 O-O 6. Nf3 d6 7. h3 e6 8. Bd3 Re8
9. O-O Na6 10. Be3 exd5 11. exd5 Nb4 12. Bb1 Nh5 13. Qd2 f5 14. Bg5 Nf6 15. a3
Na6 16. Bc2 Bd7 17. Rab1 Qe7 18. b4 Qf8 19. Nb5 Ne4 20. Bxe4 fxe4 21. Nh2 cxb4
22. axb4 Bxb5 23. cxb5 Nc7 24. b6 axb6 25. f3 Qf5 26. Rbd1 Re5 27. Qc2 e3 28.
Qxf5 gxf5 29. Rfe1 Rae8 30. g3 e2 31. Rd2 Nxd5 32. f4 Re3 33. Rxd5 Bc3 34. Kf2
Bxe1+ 35. Kxe1 Rxg3 0-1

[Event "Condigne Dutch Open 2016"]
[Site "dieren"]
[Date "2016.07.26"]
[Round "1"]
[White "Sandipan, Chanda"]
[Black "Evengroen, Henk-Jan"]
[Result "1-0"]
[ECO "B07"]
[WhiteElo "2568"]
[BlackElo "2179"]
[PlyCount "59"]
[EventDate "2016.07.27"]
[EventCountry "NED"]
[TimeControl "6000+805"]
[WhiteClock "0:41:56"]
[BlackClock "0:05:02"]

1. d4 Nf6 2. Nf3 g6 3. Nbd2 Bg7 4. e4 d6 5. Bd3 O-O 6. O-O c5 7. c3 b6 8. Re1
Bb7 9. Nf1 cxd4 10. cxd4 Nc6 11. a3 Nh5 12. Be3 Qd7 13. Rc1 d5 14. e5 f6 15.
exf6 Nxf6 16. Ng3 Ng4 17. Bb5 Nxe3 18. Rxe3 Qd6 19. Bxc6 Bxc6 20. Qe2 Bh6 21.
Re6 Bb5 22. Qe1 Qf4 23. Rc3 Bg7 24. Rxe7 Bf6 25. Qe6+ Kh8 26. Rcc7 Qh6 27.
Rxh7+ Qxh7 28. Rxh7+ Kxh7 29. Qxd5 Ba6 30. Ne4 1-0

[Event "Condigne Dutch Open 2016"]
[Site "dieren"]
[Date "2016.07.26"]
[Round "1"]
[White "Blok, Michiel"]
[Black "Khenkin, Igor"]
[Result "0-1"]
[ECO "D11"]
[WhiteElo "2174"]
[BlackElo "2553"]
[PlyCount "62"]
[EventDate "2016.07.27"]
[EventCountry "NED"]
[TimeControl "6000+965"]
[WhiteClock "0:19:34"]
[BlackClock "0:11:01"]

1. d4 d5 2. c4 dxc4 3. Nf3 c6 4. Qc2 b5 5. a4 e6 6. Nc3 Bb4 7. axb5 cxb5 8. Qe4
Qd5 9. Qg4 g6 10. e4 Nf6 11. exd5 Nxg4 12. dxe6 Bxe6 13. Bg5 h6 14. Bh4 Nd7 15.
Nd2 Bxc3 16. bxc3 Ngf6 17. Be2 Nd5 18. Bf3 O-O 19. O-O Nxc3 20. Bxa8 Rxa8 21.
Rfe1 a5 22. Be7 Nd5 23. Bc5 a4 24. Ne4 b4 25. Rec1 Nxc5 26. Nxc5 Nc3 27. Kf1 a3
28. Ke1 b3 29. Kd2 Nb5 30. Nxe6 fxe6 31. Rxc4 b2 0-1

[Event "Condigne Dutch Open 2016"]
[Site "dieren"]
[Date "2016.07.26"]
[Round "1"]
[White "Ikonnikov, Vyacheslav"]
[Black "Gerlagh, Joris"]
[Result "1-0"]
[ECO "D90"]
[WhiteElo "2538"]
[BlackElo "2172"]
[PlyCount "121"]
[EventDate "2016.07.27"]
[EventCountry "NED"]
[TimeControl "6000+1045"]
[WhiteClock "0:20:44"]
[BlackClock "0:10:58"]

1. d4 Nf6 2. Nf3 g6 3. c4 Bg7 4. Nc3 d5 5. cxd5 Nxd5 6. Bd2 O-O 7. e4 Nb6 8. a4
Bg4 9. a5 N6d7 10. Be3 Nc6 11. Be2 Bxf3 12. gxf3 e5 13. dxe5 Bxe5 14. a6 bxa6
15. Qa4 Bxc3+ 16. bxc3 Qf6 17. O-O Nb6 18. Qxa6 Qxc3 19. Rac1 Qf6 20. Rfd1 Rad8
21. Kg2 Rxd1 22. Bxd1 Nd8 23. Rxc7 Ne6 24. Rxa7 Nd7 25. f4 Nb8 26. Qa1 Nxf4+
27. Kf3 Qxa1 28. Rxa1 Ne6 29. Bh6 Rd8 30. Ke3 Nc6 31. Rc1 Ncd4 32. f4 f5 33. e5
Ra8 34. Rc3 Kf7 35. h4 Ra2 36. Bb3 Nxb3 37. Rxb3 Re2+ 38. Kxe2 Nd4+ 39. Kd3
Nxb3 40. Kc4 Nd2+ 41. Kd5 Nf3 42. Bg5 h6 43. Bxh6 Nxh4 44. e6+ Ke8 45. Ke5 Nf3+
46. Kf6 Nd4 47. Bg5 Kf8 48. e7+ Ke8 49. Kxg6 Nc6 50. Kxf5 Kf7 51. Bh4 Na7 52.
Bf2 Nb5 53. Bc5 Nc3 54. Ke5 Na4 55. Bd4 Kxe7 56. f5 Kf7 57. f6 Kf8 58. Ke6 Ke8
59. f7+ Kf8 60. Kf6 Nc3 61. Bc5# 1-0

[Event "Condigne Dutch Open 2016"]
[Site "dieren"]
[Date "2016.07.26"]
[Round "1"]
[White "Ratsma, Midas"]
[Black "Horvath, Csaba"]
[Result "0-1"]
[ECO "A45"]
[WhiteElo "2171"]
[BlackElo "2520"]
[PlyCount "72"]
[EventDate "2016.07.27"]
[EventCountry "NED"]
[TimeControl "6000+1005"]
[WhiteClock "0:00:32"]
[BlackClock "0:05:17"]

1. d4 Nf6 2. Bg5 e6 3. e4 h6 4. Bxf6 Qxf6 5. c3 d5 6. Nd2 c5 7. Ngf3 cxd4 8.
Nxd4 Bc5 9. N2b3 Bxd4 10. Nxd4 Qe5 11. Bb5+ Bd7 12. O-O dxe4 13. Qa4 a6 14.
Bxd7+ Nxd7 15. Rfe1 b5 16. Qc2 Nf6 17. Nf3 Qf4 18. Qd2 Qc7 19. Nd4 O-O 20. a4
Rfd8 21. Qe2 b4 22. Rec1 Qb7 23. Nb3 Rac8 24. c4 Rd3 25. Nd2 Rcd8 26. Nf1 b3
27. c5 Qc6 28. Rc4 R8d4 29. Rac1 Nd7 30. Rxd4 Rxd4 31. Nd2 Qd5 32. Nxb3 Qxb3
33. c6 Nb6 34. a5 Rc4 35. Rxc4 Qxc4 36. Qd2 Nd5 0-1

[Event "Condigne Dutch Open 2016"]
[Site "dieren"]
[Date "2016.07.26"]
[Round "1"]
[White "Hausrath, Daniel"]
[Black "Van Helvoort, Rob"]
[Result "1-0"]
[ECO "A99"]
[WhiteElo "2483"]
[BlackElo "2171"]
[PlyCount "57"]
[EventDate "2016.07.27"]
[EventCountry "NED"]
[TimeControl "6000+1235"]
[WhiteClock "0:25:18"]
[BlackClock "0:02:27"]

1. Nf3 e6 2. g3 f5 3. Bg2 Nf6 4. O-O Be7 5. c4 d6 6. d4 O-O 7. Nc3 Qe8 8. b3 c6
9. Ba3 Ne4 10. Rc1 Nd7 11. d5 exd5 12. cxd5 c5 13. Nd2 Nxd2 14. Qxd2 f4 15.
gxf4 Qh5 16. Qe3 Qh4 17. Nb5 Rxf4 18. Nxd6 Bxd6 19. Qe6+ Kh8 20. Qxd6 Rf6 21.
Qe7 Nf8 22. Bb2 Bh3 23. Bxf6 gxf6 24. Bxh3 Ng6 25. Qe3 Nf4 26. Kh1 Nxh3 27. f4
Qh5 28. Qf3 Qh6 29. Rc3 1-0

[Event "Condigne Dutch Open 2016"]
[Site "dieren"]
[Date "2016.07.26"]
[Round "1"]
[White "Compagnie, Luc"]
[Black "Pruijssers, Roeland"]
[Result "0-1"]
[ECO "A26"]
[WhiteElo "2158"]
[BlackElo "2463"]
[PlyCount "66"]
[EventDate "2016.07.27"]
[EventCountry "NED"]
[TimeControl "6000+1205"]
[WhiteClock "0:08:42"]
[BlackClock "0:32:27"]

1. c4 f5 2. Nc3 Nf6 3. Nf3 g6 4. g3 Bg7 5. Bg2 d6 6. O-O O-O 7. d3 e5 8. Rb1 a5
9. a3 Nc6 10. Bd2 h6 11. b4 axb4 12. axb4 g5 13. b5 Ne7 14. Ne1 Rb8 15. Nc2 Be6
16. Nb4 f4 17. Nbd5 Qd7 18. Nxe7+ Qxe7 19. Nd5 Qd7 20. Qb3 Kh8 21. Rfc1 Qf7 22.
Nxf6 Qxf6 23. Rf1 g4 24. gxf4 exf4 25. Rfc1 f3 26. Bc3 Qh4 27. Bxg7+ Kxg7 28.
Qb2+ Kg8 29. Bf1 Rf5 30. Qd4 fxe2 31. Bxe2 Rbf8 32. Rf1 Rh5 33. h3 Qxh3 0-1

[Event "Condigne Dutch Open 2016"]
[Site "dieren"]
[Date "2016.07.26"]
[Round "1"]
[White "Debashis, Das"]
[Black "Vos, Tjark"]
[Result "1-0"]
[ECO "E56"]
[WhiteElo "2451"]
[BlackElo "2156"]
[PlyCount "69"]
[EventDate "2016.07.27"]
[EventCountry "NED"]
[TimeControl "6000+975"]
[WhiteClock "0:01:35"]
[BlackClock "0:08:00"]

1. d4 Nf6 2. c4 e6 3. Nc3 Bb4 4. e3 O-O 5. Bd3 d5 6. Nf3 c5 7. O-O Nc6 8. cxd5
cxd4 9. exd4 Nxd5 10. Bc2 Re8 11. Qd3 g6 12. a3 Be7 13. Bh6 b6 14. Rfe1 Bb7 15.
Re4 Rc8 16. Rae1 Na5 17. Rg4 Nc4 18. Bc1 Nxa3 19. Ba4 Nb4 20. Qd2 Nc4 21. Qh6
Bxf3 22. gxf3 Rf8 23. Ree4 Nd6 24. Rh4 Bxh4 25. Rxh4 Qxh4 26. Qxh4 Nf5 27. Qe4
Rfd8 28. Be3 a6 29. Bb3 Rd6 30. Qb7 Rcd8 31. Ne4 Rc6 32. Bd2 Nxd4 33. Ng5 Rf8
34. Bxb4 Rc1+ 35. Kg2 1-0

[Event "Condigne Dutch Open 2016"]
[Site "dieren"]
[Date "2016.07.27"]
[Round "2"]
[White "Van Foreest, Lucas"]
[Black "L'Ami, Erwin"]
[Result "0-1"]
[ECO "C82"]
[WhiteElo "2367"]
[BlackElo "2606"]
[PlyCount "72"]
[EventDate "2016.07.27"]
[EventCountry "NED"]
[TimeControl "6000+925"]
[WhiteClock "0:10:43"]
[BlackClock "0:21:46"]

1. e4 e5 2. Nf3 Nc6 3. Bb5 a6 4. Ba4 Nf6 5. O-O Nxe4 6. d4 b5 7. Bb3 d5 8. dxe5
Be6 9. c3 Bc5 10. Nbd2 O-O 11. Qe2 Bf5 12. a4 b4 13. Qd3 Ne7 14. Nxe4 dxe4 15.
Qxd8 Raxd8 16. Nd4 Bxd4 17. cxd4 Nc6 18. Bc4 a5 19. Be3 Nxd4 20. Rac1 c5 21.
Bb5 Rd5 22. Bc4 Rxe5 23. Bf4 Re6 24. Bxe6 Ne2+ 25. Kh1 Bxe6 26. Bc7 Nxc1 27.
Rxc1 c4 28. Bxa5 Rb8 29. h4 c3 30. bxc3 b3 31. Bb4 e3 32. fxe3 Bf5 33. Ba3 b2
34. Bxb2 Rxb2 35. Rd1 h5 36. Rd4 Ra2 0-1

[Event "Condigne Dutch Open 2016"]
[Site "dieren"]
[Date "2016.07.27"]
[Round "2"]
[White "Reinderman, Dimitri"]
[Black "Beukema, Stefan"]
[Result "1-0"]
[ECO "A88"]
[WhiteElo "2584"]
[BlackElo "2355"]
[PlyCount "50"]
[EventDate "2016.07.27"]
[EventCountry "NED"]
[TimeControl "6000+1195"]
[WhiteClock "0:26:49"]
[BlackClock "0:30:28"]

1. Nf3 f5 2. g3 Nf6 3. Bg2 g6 4. O-O Bg7 5. d4 O-O 6. c4 d6 7. Nc3 c6 8. b3 Qc7
9. Ba3 Rd8 10. Qc2 Na6 11. e4 b5 12. e5 dxe5 13. Nxe5 Bb7 14. Bb2 Nd7 15. Nf3
e5 16. Ng5 Nf8 17. b4 exd4 18. cxb5 dxc3 19. Qb3+ Rd5 20. bxa6 cxb2 21. axb7
Qxb7 22. Rad1 Rad8 23. Rfe1 h6 24. Bxd5+ cxd5 25. Nf3 Qb6 1-0

[Event "Condigne Dutch Open 2016"]
[Site "dieren"]
[Date "2016.07.27"]
[Round "2"]
[White "Geurink, Jasper"]
[Black "Sandipan, Chanda"]
[Result "0-1"]
[ECO "B21"]
[WhiteElo "2359"]
[BlackElo "2568"]
[PlyCount "94"]
[EventDate "2016.07.27"]
[EventCountry "NED"]
[TimeControl "6000+900"]
[WhiteClock "0:19:00"]
[BlackClock "0:22:16"]

1. e4 c5 2. Nc3 e6 3. f4 d5 4. Nf3 dxe4 5. Nxe4 Nf6 6. Nf2 Bd6 7. g3 b6 8. Bg2
Bb7 9. O-O O-O 10. b3 Nbd7 11. Bb2 Qc7 12. Qe2 Rae8 13. Nd3 c4 14. Nde5 cxb3
15. c4 bxa2 16. Rxa2 a5 17. Raa1 Ra8 18. d4 a4 19. Rac1 a3 20. Ba1 Ra7 21. Kh1
Qb8 22. Qe3 Qa8 23. Nxd7 Nxd7 24. f5 e5 25. f6 Nxf6 26. dxe5 Bc5 27. Qf4 Ne4
28. Nh4 Be7 29. Rc2 Bxh4 30. gxh4 Nc5 31. h5 Ne6 32. Qg3 Bxg2+ 33. Rxg2 Qe4 34.
h3 Qxc4 35. Rfg1 Rd8 36. Qf3 Rd3 37. Qf5 g6 38. hxg6 hxg6 39. Rxg6+ fxg6 40.
Qxg6+ Ng7 41. Qe8+ Kh7 42. Rxg7+ Kxg7 43. e6+ Rc3 44. e7 Qf1+ 45. Kh2 Qe2+ 46.
Kh1 Qe4+ 47. Kg1 Qb1+ 0-1

[Event "Condigne Dutch Open 2016"]
[Site "dieren"]
[Date "2016.07.27"]
[Round "2"]
[White "Khenkin, Igor"]
[Black "Maatman, Nick"]
[Result "1/2-1/2"]
[ECO "E11"]
[WhiteElo "2553"]
[BlackElo "2314"]
[PlyCount "49"]
[EventDate "2016.07.27"]
[EventCountry "NED"]
[TimeControl "6000+1055"]
[WhiteClock "0:10:21"]
[BlackClock "0:24:21"]

1. d4 Nf6 2. c4 e6 3. Nf3 d5 4. e3 Bb4+ 5. Nbd2 O-O 6. a3 Be7 7. b4 a5 8. b5 c5
9. dxc5 Nbd7 10. c6 bxc6 11. bxc6 Nb8 12. Qa4 Qc7 13. cxd5 Nxd5 14. Bb2 Qxc6
15. Bb5 Qb7 16. Rb1 Bd7 17. Qg4 Bf6 18. Bxf6 Nxf6 19. Qg5 Bxb5 20. Rxb5 Qa6 21.
O-O h6 22. Qe5 Nbd7 23. Qb2 Rfc8 24. Rb1 Rc7 25. Rb7 1/2-1/2

[Event "Condigne Dutch Open 2016"]
[Site "dieren"]
[Date "2016.07.27"]
[Round "2"]
[White "De Jong, Migchiel"]
[Black "Ikonnikov, Vyacheslav"]
[Result "0-1"]
[ECO "A42"]
[WhiteElo "2342"]
[BlackElo "2538"]
[PlyCount "60"]
[EventDate "2016.07.27"]
[EventCountry "NED"]
[TimeControl "6000+980"]
[WhiteClock "0:17:55"]
[BlackClock "0:37:32"]

1. e4 g6 2. d4 Bg7 3. c4 c6 4. Nc3 d6 5. Be3 a6 6. Nf3 Nf6 7. h3 b5 8. e5 dxe5
9. dxe5 Qxd1+ 10. Rxd1 Nfd7 11. Bf4 Nc5 12. b4 Ne6 13. Bg3 Nd7 14. Bd3 Bb7 15.
Be4 bxc4 16. O-O Nb6 17. a4 O-O 18. a5 Nd5 19. Nxd5 cxd5 20. Bxd5 Bxd5 21. Rxd5
Rfd8 22. Rxd8+ Rxd8 23. Rc1 Rc8 24. Nd2 c3 25. Ne4 Rc4 26. f3 c2 27. Nd2 Bh6
28. f4 Nxf4 29. Nxc4 Ne2+ 30. Kh2 Bxc1 0-1

[Event "Condigne Dutch Open 2016"]
[Site "dieren"]
[Date "2016.07.27"]
[Round "2"]
[White "Horvath, Csaba"]
[Black "Schoppen, Casper"]
[Result "1/2-1/2"]
[ECO "B25"]
[WhiteElo "2520"]
[BlackElo "2298"]
[PlyCount "107"]
[EventDate "2016.07.27"]
[EventCountry "NED"]
[TimeControl "6000+665"]
[WhiteClock "0:05:58"]
[BlackClock "0:02:49"]

1. g3 Nf6 2. Bg2 c5 3. f4 Nc6 4. Nf3 d6 5. d3 g6 6. e4 Bg7 7. O-O O-O 8. h3 Rb8
9. a4 a6 10. g4 b5 11. axb5 axb5 12. Nc3 b4 13. Ne2 Qb6 14. Be3 Nd7 15. Rb1 Bb7
16. f5 Nce5 17. Nf4 Ra8 18. Nd2 Qd8 19. g5 Re8 20. h4 Nf8 21. h5 Qc8 22. Bh3
Qc6 23. Nf3 gxf5 24. Bxf5 e6 25. Bh3 b3 26. c4 Ra4 27. Nxe5 Bxe5 28. Qf3 Qc7
29. Rf2 Re7 30. Rbf1 Ra2 31. g6 hxg6 32. Nxg6 Nxg6 33. hxg6 f5 34. Qg2 Rg7 35.
Kh1 Qe7 36. Bg5 Qe8 37. Bxf5 exf5 38. Rxf5 Rxg6 39. Qf3 Bg7 40. Qh5 Bc8 41. Rf6
Rh6 42. Rxh6 Qxh5+ 43. Rxh5 Bxb2 44. Bh6 Ra1 45. Kg2 Rxf1 46. Kxf1 Bd4 47. Rh1
Bg4 48. Ke1 Bc3+ 49. Kf2 Kf7 50. Bf4 Bd4+ 51. Be3 Bc3 52. Bf4 Bd4+ 53. Be3 Bc3
54. Bf4 1/2-1/2

[Event "Condigne Dutch Open 2016"]
[Site "dieren"]
[Date "2016.07.27"]
[Round "2"]
[White "Lecomte, Robin"]
[Black "Hausrath, Daniel"]
[Result "0-1"]
[ECO "B38"]
[WhiteElo "2288"]
[BlackElo "2483"]
[PlyCount "110"]
[EventDate "2016.07.27"]
[EventCountry "NED"]
[TimeControl "6000+1945"]
[WhiteClock "0:09:36"]
[BlackClock "0:18:02"]

1. c4 Nf6 2. Nc3 g6 3. e4 d6 4. d4 Bg7 5. Nf3 O-O 6. Be2 c5 7. O-O cxd4 8. Nxd4
Nc6 9. Be3 Bd7 10. f3 Nxd4 11. Bxd4 a5 12. a4 Bc6 13. Qd2 Nd7 14. Bxg7 Kxg7 15.
Qd4+ f6 16. Rf2 Nc5 17. Bd1 e5 18. Qe3 Qb6 19. b3 Rfd8 20. Rd2 Nxa4 21. Qxb6
Nxb6 22. Rda2 a4 23. Nxa4 Nxa4 24. bxa4 Ra5 25. Kf2 f5 26. Ke3 Kf6 27. Bc2 h5
28. Rd1 Rc5 29. Bb3 Ke7 30. Rad2 Ra5 31. g3 fxe4 32. fxe4 Raa8 33. Ra1 Rf8 34.
Rad1 Rf6 35. Rb1 Raf8 36. Bd1 Rf1 37. Rdb2 Kd8 38. Be2 R1f2 39. a5 Kc7 40. Bd1
Rxb2 41. Rxb2 Rf1 42. Rd2 Re1+ 43. Kf2 Rxe4 44. Be2 h4 45. Rd1 hxg3+ 46. hxg3
g5 47. Rd2 Rd4 48. Rxd4 exd4 49. Bg4 Be4 50. Ke2 Kc6 51. Bc8 Kc5 52. a6 bxa6
53. Bxa6 Bf5 54. Kd2 Kb6 55. Bb5 d5 0-1

[Event "Condigne Dutch Open 2016"]
[Site "dieren"]
[Date "2016.07.27"]
[Round "2"]
[White "Pruijssers, Roeland"]
[Black "Van Osch, Mees"]
[Result "1-0"]
[ECO "C04"]
[WhiteElo "2463"]
[BlackElo "2275"]
[PlyCount "61"]
[EventDate "2016.07.27"]
[EventCountry "NED"]
[TimeControl "6000+875"]
[WhiteClock "0:24:54"]
[BlackClock "0:12:40"]

1. e4 e6 2. d4 d5 3. Nd2 Nc6 4. Ngf3 Nf6 5. e5 Nd7 6. Nb3 a5 7. a4 b6 8. Bb5
Na7 9. Bd3 Be7 10. O-O c5 11. dxc5 bxc5 12. c4 Bb7 13. Qe2 O-O 14. Bf4 Nc6 15.
cxd5 exd5 16. Bb5 Re8 17. e6 Bf6 18. exf7+ Kxf7 19. Qd3 Nb4 20. Qf5 Nf8 21.
Bxe8+ Qxe8 22. Nxc5 Bc8 23. Qh5+ g6 24. Qh6 Bxb2 25. Rae1 Qd8 26. Bg5 Bf6 27.
Bxf6 Qxf6 28. Ng5+ Kg8 29. Re8 Qg7 30. Rxf8+ Qxf8 31. Qxh7# 1-0

[Event "Condigne Dutch Open 2016"]
[Site "dieren"]
[Date "2016.07.27"]
[Round "2"]
[White "Vedder, Richard"]
[Black "Debashis, Das"]
[Result "0-1"]
[ECO "B90"]
[WhiteElo "2268"]
[BlackElo "2451"]
[PlyCount "50"]
[EventDate "2016.07.27"]
[EventCountry "NED"]
[TimeControl "6000+1190"]
[WhiteClock "0:32:27"]
[BlackClock "1:03:24"]

1. e4 c5 2. Nf3 d6 3. d4 cxd4 4. Nxd4 Nf6 5. Nc3 a6 6. Be3 e5 7. Nb3 Be6 8. Qd2
Nbd7 9. f4 Rc8 10. f5 Bxb3 11. axb3 d5 12. exd5 Bb4 13. Qd3 O-O 14. Bd2 e4 15.
Qe3 Bc5 16. Qf4 e3 17. Bc1 Nb6 18. Qh4 Nbxd5 19. Nxd5 Qxd5 20. Bd3 Qxg2 21. Rf1
e2 22. Rf2 Qg1+ 23. Kxe2 Rfe8+ 24. Kf3 Bxf2 25. Qxf2 Qg4# 0-1

[Event "Condigne Dutch Open 2016"]
[Site "dieren"]
[Date "2016.07.28"]
[Round "3"]
[White "L'Ami, Erwin"]
[Black "Pruijssers, Roeland"]
[Result "1-0"]
[ECO "A87"]
[WhiteElo "2606"]
[BlackElo "2463"]
[PlyCount "99"]
[EventDate "2016.07.27"]
[EventCountry "NED"]
[TimeControl "6000+1080"]
[WhiteClock "0:08:36"]
[BlackClock "0:07:15"]

1. d4 f5 2. g3 Nf6 3. Bg2 g6 4. Nf3 Bg7 5. O-O O-O 6. c4 d6 7. Nc3 Qe8 8. Re1
Qf7 9. d5 Ne4 10. Ng5 Nxc3 11. bxc3 Qf6 12. e4 h6 13. Nf3 fxe4 14. Rxe4 Na6 15.
Be3 Bf5 16. Bd4 Qf7 17. Re3 Rae8 18. Bxg7 Qxg7 19. Nd4 Nc5 20. Qe2 Bd7 21. Re1
Rf7 22. h4 g5 23. hxg5 hxg5 24. Qh5 Ref8 25. Nf3 Bf5 26. Qxg5 Bd3 27. Qxg7+
Kxg7 28. Ng5 Rxf2 29. Rxe7+ Kg6 30. Ne6 R8f7 31. Nf4+ R2xf4 32. gxf4 Bxc4 33.
Rxf7 Kxf7 34. a3 Na4 35. Kf2 b5 36. Re3 Nb6 37. Rh3 Kg7 38. Rh5 Na4 39. Ke3
Nxc3 40. Bf3 a5 41. Kd4 Be2 42. Rh3 b4 43. axb4 Nb5+ 44. Ke4 Nc3+ 45. Kf5 axb4
46. Ke6 Ba6 47. Ke7 Be2 48. f5 Bxf3 49. f6+ Kg6 50. Rxf3 1-0

[Event "Condigne Dutch Open 2016"]
[Site "dieren"]
[Date "2016.07.28"]
[Round "3"]
[White "Debashis, Das"]
[Black "Reinderman, Dimitri"]
[Result "1/2-1/2"]
[ECO "E74"]
[WhiteElo "2451"]
[BlackElo "2584"]
[PlyCount "54"]
[EventDate "2016.07.27"]
[EventCountry "NED"]
[TimeControl "6000+1440"]
[WhiteClock "0:09:20"]
[BlackClock "0:24:45"]

1. d4 Nf6 2. c4 g6 3. Nc3 Bg7 4. e4 d6 5. Nf3 O-O 6. Be3 c5 7. dxc5 Qa5 8. Bd2
Qxc5 9. Be2 Bg4 10. O-O Nc6 11. Be3 Qb4 12. a3 Qa5 13. Nd2 Bxe2 14. Qxe2 Rfc8
15. Rfc1 Nd7 16. b4 Qd8 17. Rab1 a5 18. Nd5 axb4 19. axb4 b6 20. Nf3 Ra4 21.
Qd1 Ra3 22. Bg5 h6 23. Bh4 g5 24. Bg3 e6 25. Ne3 Nde5 26. Nxe5 Nxe5 27. Rb3
Rxb3 1/2-1/2

[Event "Condigne Dutch Open 2016"]
[Site "dieren"]
[Date "2016.07.28"]
[Round "3"]
[White "Sandipan, Chanda"]
[Black "Beerdsen, Thomas"]
[Result "1-0"]
[ECO "D02"]
[WhiteElo "2568"]
[BlackElo "2414"]
[PlyCount "83"]
[EventDate "2016.07.27"]
[EventCountry "NED"]
[TimeControl "6000+1210"]
[WhiteClock "0:07:10"]
[BlackClock "0:08:21"]

1. d4 Nf6 2. Nf3 e6 3. Bf4 c5 4. e3 Nc6 5. Nbd2 d5 6. c3 Nh5 7. Bg3 Nxg3 8.
hxg3 g6 9. Bd3 Bg7 10. dxc5 Qe7 11. e4 Qxc5 12. exd5 exd5 13. Qe2+ Be6 14. Ng5
O-O-O 15. Nxe6 fxe6 16. Qxe6+ Kb8 17. Nb3 Qb6 18. O-O Be5 19. Kh1 h5 20. Rae1
Bc7 21. Bxg6 Rd6 22. Qf7 h4 23. g4 Rdd8 24. Qf5 Rdf8 25. Qxd5 Rxf2 26. Nc5 Qxb2
27. Na6+ bxa6 28. Rxf2 Qxf2 29. Rb1+ Bb6 30. Qd6+ Kb7 31. Qd7+ Kb8 32. Qd6+ Kb7
33. Be4 Rc8 34. Qd7+ Rc7 35. Bxc6+ Kb8 36. Qe8+ Rc8 37. Qe5+ Rc7 38. Qe8+ Rc8
39. Qe5+ Rc7 40. Rd1 Qf8 41. Bf3 Qc8 42. c4 1-0

[Event "Condigne Dutch Open 2016"]
[Site "dieren"]
[Date "2016.07.28"]
[Round "3"]
[White "Ikonnikov, Vyacheslav"]
[Black "Maris, Ivo"]
[Result "1/2-1/2"]
[ECO "D43"]
[WhiteElo "2538"]
[BlackElo "2370"]
[PlyCount "102"]
[EventDate "2016.07.27"]
[EventCountry "NED"]
[TimeControl "6000+790"]
[WhiteClock "0:12:53"]
[BlackClock "0:45:38"]

1. Nf3 Nf6 2. c4 e6 3. Nc3 d5 4. d4 dxc4 5. Qa4+ c6 6. Qxc4 b5 7. Qd3 Nbd7 8.
e4 b4 9. Na4 Qa5 10. b3 c5 11. d5 exd5 12. exd5 Bd6 13. Qe2+ Kf8 14. Qd1 Ba6
15. Bxa6 Qxa6 16. Be3 Re8 17. Qe2 Qxe2+ 18. Kxe2 Nxd5 19. Rhd1 Nxe3 20. fxe3
Ke7 21. Nb2 Ne5 22. Rd5 Nxf3 23. gxf3 Rc8 24. Nc4 Rhd8 25. f4 Bb8 26. Rh5 Rh8
27. Rd1 g6 28. Rhd5 Rhd8 29. h4 Rxd5 30. Rxd5 Ke6 31. Rg5 Bd6 32. h5 Rc6 33.
hxg6 hxg6 34. Rg2 Be7 35. Kd3 Rc8 36. Ke4 Rd8 37. a3 f5+ 38. Kf3 Rd3 39. axb4
Rxb3 40. Na5 Rxb4 41. Nc6 Rb6 42. Rxg6+ Bf6 43. Ne5 Ke7 44. Nc4 Re6 45. Ke2 Ra6
46. Rh6 Ke6 47. Kd3 Ra1 48. Kc2 Ra6 49. Kd3 Ra1 50. Kc2 Ra6 51. Kd3 Ra1 {Ke4
Ke5+} 1/2-1/2

[Event "Condigne Dutch Open 2016"]
[Site "dieren"]
[Date "2016.07.28"]
[Round "3"]
[White "Hausrath, Daniel"]
[Black "Schippers, Maurice"]
[Result "1/2-1/2"]
[ECO "A11"]
[WhiteElo "2483"]
[BlackElo "2220"]
[PlyCount "90"]
[EventDate "2016.07.27"]
[EventCountry "NED"]
[TimeControl "6000+1365"]
[WhiteClock "0:09:37"]
[BlackClock "0:19:20"]

1. Nf3 Nf6 2. g3 d5 3. Bg2 c6 4. O-O Bf5 5. d3 h6 6. c4 e6 7. Be3 dxc4 8. dxc4
Nbd7 9. Nc3 Be7 10. Qc1 Qc7 11. Rd1 O-O 12. h3 Rfd8 13. b3 Bh7 14. Qb2 Bc5 15.
Bxc5 Nxc5 16. b4 Nce4 17. Nxe4 Bxe4 18. Qe5 Qe7 19. a3 a5 20. Qc3 axb4 21.
Rxd8+ Qxd8 22. axb4 Rxa1+ 23. Qxa1 Qb6 24. Qa8+ Kh7 25. Qa3 Qd8 26. Qc1 Kg8 27.
Qd2 Qa8 28. Nd4 Qa1+ 29. Kh2 Bxg2 30. Kxg2 Qb1 31. Nf3 b5 32. Qd8+ Kh7 33. Qd3+
Qxd3 34. exd3 Nd7 35. Kf1 e5 36. Ke2 Kg6 37. Nd2 Nb6 38. Kd1 Kf6 39. Kc2 Ke6
40. Kb3 f5 41. Nb1 Nc8 42. Kc3 Nd6 43. Nd2 g6 44. f3 Ke7 45. Kc2 Ke6 1/2-1/2

[Event "Condigne Dutch Open 2016"]
[Site "dieren"]
[Date "2016.07.28"]
[Round "3"]
[White "Schoppen, Casper"]
[Black "Khenkin, Igor"]
[Result "1/2-1/2"]
[ECO "A09"]
[WhiteElo "2298"]
[BlackElo "2553"]
[PlyCount "62"]
[EventDate "2016.07.27"]
[EventCountry "NED"]
[TimeControl "6000+1380"]
[WhiteClock "0:06:43"]
[BlackClock "0:01:08"]

1. Nf3 d5 2. c4 d4 3. g3 Nc6 4. Bg2 e5 5. d3 Nf6 6. Bg5 h6 7. Bxf6 Qxf6 8. Nbd2
Be7 9. O-O O-O 10. a3 a5 11. Ne1 h5 12. Nc2 h4 13. Rb1 a4 14. b4 axb3 15. Rxb3
Na5 16. Rb1 c6 17. Qe1 hxg3 18. hxg3 Qh6 19. Nf3 Qh5 20. e3 e4 21. dxe4 d3 22.
Nb4 Nxc4 23. Nxd3 Nxa3 24. Rc1 Qa5 25. Nd4 Rd8 26. Qxa5 Rxa5 27. Rfd1 Nb5 28.
Ne5 Nxd4 29. exd4 Ra4 30. d5 cxd5 31. exd5 Bf5 1/2-1/2

[Event "Condigne Dutch Open 2016"]
[Site "dieren"]
[Date "2016.07.28"]
[Round "3"]
[White "Maatman, Nick"]
[Black "Horvath, Csaba"]
[Result "0-1"]
[ECO "D00"]
[WhiteElo "2314"]
[BlackElo "2520"]
[PlyCount "50"]
[EventDate "2016.07.27"]
[EventCountry "NED"]
[TimeControl "6000+1505"]
[WhiteClock "0:06:33"]
[BlackClock "0:08:30"]

1. d4 Nf6 2. Bg5 d5 3. Nf3 c5 4. Bxf6 gxf6 5. e3 Nc6 6. c3 e5 7. Nbd2 e4 8. Nh4
f5 9. Qh5 cxd4 10. cxd4 Qa5 11. Nxf5 Nb4 12. Rc1 Nxa2 13. Ra1 Bb4 14. Rd1 Bd7
15. Ng7+ Kf8 16. Qe5 Rg8 17. Nh5 Ba4 18. Nf6 Rg7 19. b3 Bxb3 20. Nd7+ Kg8 21.
Nf6+ Kh8 22. Nh5 Bf8 23. Rb1 Rc8 24. Be2 Qxd2+ 25. Kxd2 Bb4# 0-1